 Dungeon Crawl Stone Soup version 0.30.1 (webtiles) character file.

Game seed: 264955373395737109

1103 cdecastro the Cudgeller (level 8, -6/73 (80) HPs)
             Began as a Troll Fighter on July 12, 2023.
             Was a Follower of the Shining One.
             Killed by divine providence
             ... invoked by an orc priest
              (17 damage)
             ... on level 6 of the Dungeon.
             The game lasted 00:06:33 (4294 turns).

cdecastro the Cudgeller (Troll Fighter)             Turns: 4294, Time: 00:06:33

HP:   -6/73 (80)    AC:  6    Str: 25    XL:     8   Next: 11%
MP:   7/7           EV:  9    Int:  4    God:    the Shining One [*.....]
Gold: 258           SH:  8    Dex: 11    Spells: 7/7 levels left

rFire   + . .        (no weapon)
rCold   . . .        c - +0 kite shield
rNeg    . . .        b - +0 robe
rPois   .            t - +2 hat
rElec   .            (no cloak)
rCorr   .            (gloves unavailable)
SInv    .            (boots unavailable)
Will    .....        e - amulet of the acrobat
Stlth   +            j - ring of protection from fire
HPRegen 1.12/turn    (no ring)
MPRegen 0.10/turn

%: acrobat
@: glowing, drained
A: large, unfitting armour, claws 3, regeneration 1, shaggy fur 1, tough skin 1
a: Renounce Religion, Divine Shield


You were on level 6 of the Dungeon.
You worshipped the Shining One.
The Shining One was aware of your devotion.
You visited 2 branches of the dungeon, and saw 7 of its levels.

You collected 258 gold pieces.

Inventory:

Hand Weapons
 a - a +0 flail
 x - a +0 giant spiked club
Missiles
 r - a throwing net (quivered)
 s - 3 large rocks
Armour
 b - a +0 robe (worn)
 c - a +0 kite shield (worn)
 t - a +2 hat (worn)
Jewellery
 e - an amulet of the acrobat (around neck)
 j - a ring of protection from fire (left claw)
 y - a ring of poison resistance
Scrolls
 g - a scroll of vulnerability {unknown}
 h - 7 scrolls of identify {unknown}
 i - 4 scrolls of teleportation {unknown}
 k - 3 scrolls of blinking {unknown}
 m - a scroll of magic mapping {unknown}
 n - a scroll of noise {unknown}
 u - a scroll of amnesia {unknown}
 w - a scroll of fear {unknown}
Potions
 d - 2 potions of might
 f - 2 potions of curing {unknown}
 l - a potion of magic {unknown}
 o - a potion of brilliance {unknown}
 p - 2 potions of invisibility {unknown}
 q - a potion of attraction {unknown}
 v - a potion of ambrosia {unknown}
 z - a potion of heal wounds {unknown}
 A - a potion of degeneration {unknown}


   Skills:
 + Level 5.1 Fighting
 * Level 7.4 Maces & Flails
 - Level 2.4 Dodging
 - Level 2.6 Shields


You had 7 spell levels left.
You didn't know any spells.
Your spell library contained the following spells:

 Spells                   Type           Power      Damage    Failure   Level
 Sublimation of Blood     Necr           0%         N/A       88%         2
 Petrify                  Tmut/Erth      0%         N/A       100%        4
 Irradiate                Conj/Tmut      0%         3d11      100%        5


Dungeon Overview and Level Annotations

Branches:
Dungeon (6/15)             Temple (1/1) D:4

Altars:
Ashenzari
Cheibriados
Dithmenos
Elyvilon
Fedhas
Gozag
Kikubaaqudgha
Makhleb
Nemelex Xobeh
Qazlal
Ru
Trog
Uskayaw
Vehumet
Wu Jian
Xom
Yredelemnul
Zin
The Shining One

Annotations:
D:5 2 runed translucent doors, jujuben's ghost, novice TrWr


Innate Abilities, Weirdness & Mutations

You are too large for most types of armour.
You have claws for hands.
Your natural rate of healing is unusually fast.
You are covered in fur. (AC +1)
You have tough skin. (AC +1)


Message History

You scratch the orc warrior but do no damage.
The orc warrior is lightly wounded.
The orc priest invokes the aid of Beogh against you.
Beogh smites you!
* * * LOW HITPOINT WARNING * * *
The orc priest miscasts a cantrip.
The orc warrior hits you with a +0 short sword of draining.
* * * LOW HITPOINT WARNING * * *
You feel drained.
You barely miss the orc warrior.
The orc warrior is lightly wounded.
The orc warrior barely misses you.
You scratch the orc warrior.
The orc warrior is lightly wounded.
You block the orc warrior's attack.
You closely miss the orc warrior.
The orc warrior is lightly wounded.
You block the orc warrior's attack.
You barely miss the orc warrior.
The orc warrior is lightly wounded.
The orc priest mumbles some strange prayers to Beogh against you.
Beogh smites you!
* * * LOW HITPOINT WARNING * * *
The orc warrior hits you with a +0 short sword of draining!
* * * LOW HITPOINT WARNING * * *
You feel drained.
* * * LOW HITPOINT WARNING * * *
You claw the orc warrior!
The orc warrior is severely wounded.
The orc priest calls upon Beogh to heal the orc warrior.
The orc warrior is healed somewhat.
The orc warrior hits you with a +0 short sword of draining!
* * * LOW HITPOINT WARNING * * *
You feel drained.
* * * LOW HITPOINT WARNING * * *
You scratch the orc warrior.
The orc warrior is severely wounded.
The orc priest mumbles some strange prayers to Beogh against you.
Beogh smites you!
You die...

.#.#.#. ###...
###.##. .=.....
........#####.#.
.#.#.#.
#.......#.....#.
.......
#.......#.######
.#.#.#. #..o..o.#.#
.......###..oo.So#.#
.#.#.#.o...oooo.o#.#
......oo##########.#
#####..#@..........#
##...###########
#####


You could see an orc warrior and 2 orc priests.

Vanquished Creatures
  An orc warrior (D:6)
  An ice beast (D:5)
  2 ogres
  A centaur (D:5)
  A phantom (D:5)
  2 scorpions (D:5)
  A howler monkey (D:4)
  3 hounds (D:5)
  A jelly (D:5)
  An orc priest (D:5)
  An iguana (D:5)
  3 orc wizards
  3 gnolls (D:3)
  8 adders
  2 white imps (D:5)
  3 dart slugs
  2 worms
  8 orcs
  7 ball pythons
  4 bats
  2 endoplasms (D:1)
  3 giant cockroaches (D:2)
  9 goblins
  4 hobgoblins
  7 jackals
  3 quokkas
  2 frilled lizards (D:2)
  8 kobolds
  7 rats
100 creatures vanquished.

Notes
Turn   | Place    | Note
-------+----------+-------------------------------------------
     0 | D:1      | cdecastro the Troll Fighter began the quest for the Orb.
     0 | D:1      | Reached XP level 1. HP: 22/22 MP: 0/0
    22 | D:1      | Reached skill level 2 in Maces & Flails
    77 | D:1      | Reached XP level 2. HP: 29/29 MP: 1/1
   538 | D:2      | Reached XP level 3. HP: 35/36 MP: 2/2
   694 | D:2      | Reached skill level 3 in Maces & Flails
   823 | D:2      | Found an ancient bone altar of Kikubaaqudgha.
  1194 | D:2      | Reached XP level 4. HP: 45/45 MP: 3/3
  2130 | D:3      | Reached skill level 4 in Maces & Flails
  2175 | D:3      | Found a sacrificial altar of Ru.
  2263 | D:4      | Reached XP level 5. HP: 53/53 MP: 4/4
  2263 | D:4      | Found a staircase to the Ecumenical Temple.
  2467 | Temple   | Entered the Ecumenical Temple
  2638 | Temple   | Became a worshipper of Elyvilon the Healer
  2976 | D:4      | Noticed an ogre
  2982 | D:4      | Killed an ogre
  2983 | D:4      | Reached skill level 5 in Maces & Flails
  2983 | D:4      | Reached XP level 6. HP: 62/62 MP: 5/5
  3136 | D:5      | Entered Level 5 of the Dungeon
  3136 | D:5      | Reached * piety under Elyvilon
  3481 | D:5      | Reached XP level 7. HP: 70/70 MP: 6/6
  3517 | D:5      | Found a glowing golden altar of the Shining One.
  3537 | D:5      | Fell from the grace of Elyvilon
  3537 | D:5      | Became a worshipper of the Shining One
  3723 | D:5      | Reached skill level 6 in Maces & Flails
  3752 | D:5      | Found a hide-covered altar of Uskayaw.
  3769 | D:5      | Reached skill level 7 in Maces & Flails
  3813 | D:5      | Reached skill level 5 in Fighting
  3817 | D:5      | Reached XP level 8. HP: 52/80 MP: 7/7
  3939 | D:5      | Found a large runed translucent door.
  3939 | D:5      | Found a large runed translucent door.
  3942 | D:5      | Noticed jujuben's ghost (novice TrWr)
  4142 | D:6      | Identified the +0 short sword of Infinite Pain {holy, Fly
                  | Str+2 Dex+4}
  4249 | D:6      | Reached * piety under the Shining One
  4294 | D:6      | Killed from afar by an orc priest

Illustrated notes

Levels and vault maps discovered:
D:1:      beargit_arrival_greenhouse, layout_rooms, hangedman_decor_riveting,
          hangedman_feature_mirror, serial_bayou_lake_a
D:2:      layout_basic, basic_altar, corexii_corridor_pit
D:3:      wad_crossroads, layout_loops_ring, lemuel_doored_altar
D:4:      layout_loops_ring, temple_fountains, kennysheep_another_room
D:5:      layout_loops_ring, mainiacjoe_overflow_paths,
          ebering_ghost_disaster_area, reono_crystal_passage,
          minmay_ruined_shrine
D:6:      layout_basic, serial_co_window_serial, co_window_paths_b,
          co_window_paths_a, co_window_cross_1, co_window_paths_a,
          co_window_of_opportunity_a, co_window_paths_b, co_window_corner_a,
          co_window_paths_a, co_window_corner_a, co_window_of_opportunity_b,
          co_window_of_opportunity_c, co_window_unsneaky_path_b,
          co_window_corner_ca, co_window_corner_b, co_window_of_opportunity_b,
          co_window_4corner_b, glass_columns_a, glass_columns_c, glass_columns_a
Temple:   bh_familiar_temple

Skill      XL: |  1  2  3  4  5  6  7 |
---------------+----------------------+-----
Maces & Flails | 2 3 4 5 7 |  7.4
Fighting       | 3 4 5 |  5.1
Dodging        | |  2.4
Shields        | |  2.6

Action                     |  1- 3 |  4- 6 |  7- 9 || total
---------------------------+-------+-------+-------++-------
  Melee: Unarmed           |   100 |   196 |    91 ||   387
  Throw: Large rock        |       |     3 |       ||     3
   Stab: Sleeping          |     1 |       |       ||     1
 Armour: Robe              |    20 |    46 |    29 ||    95
  Dodge: Dodged            |    40 |    85 |    34 ||   159
  Block: Kite shield       |    33 |    71 |    38 ||   142
